 Dungeon Crawl Stone Soup version 0.31-b1-20-g67cafac56d (webtiles) character file.

Game seed: 7382484480782143526

109846 ces the Severer (level 16, -29/144 HPs)
             Began as a Minotaur Berserker on Jan 18, 2024.
             Was a High Priest of Trog.
             Annihilated by a titanic slime creature (51 damage)
             ... on level 1 of the Pits of Slime.
             The game lasted 01:24:35 (30710 turns).

ces the Severer (Minotaur Berserker)               Turns: 30710, Time: 01:24:36

Health: -29/144    AC: 23    Str: 41    XL:     16   Next: 5%
Magic:  0/15       EV: 15    Int:  1    God:    Trog [*****.]
Gold:   518        SH: 18    Dex: 14    Spells: 15/15 levels left

rFire   . . .        N - +8 morningstar of the Sixty-Six Suns {freeze, rPois rC+ rCorr Int-3}
rCold   + . .        C - +2 tower shield
rNeg    . . .        K - +2 chain mail {rPois}
rPois   +            l - +0 hat
rElec   .            u - +2 cloak
rCorr   +            L - +0 pair of gloves {Dex+3}
SInv    +            (no boots)
Will    ++...        D - amulet of guardian spirit Stlth
                     F - ring "Qejedus" {Will+ Str+6 SInv}
HPRegen 0.44/turn    S - +6 ring of strength
MPRegen 0.14/turn

%: guardian spirit
@: on berserk cooldown
A: horns 2, retaliatory headbutt, iridescent scales 1, shaggy fur 1
a: Renounce Religion, Berserk, Trog's Hand, Brothers in Arms


You were on level 1 of the Pits of Slime.
You worshipped Trog.
Trog was extremely pleased with you.
You visited 8 branches of the dungeon, and saw 27 of its levels.
You also visited: Volcano.

You collected 1924 gold pieces.
You spent 1406 gold pieces at shops.

Inventory:

Hand Weapons
 a - a +4 vampiric war axe
 b - a +0 arbalest
 f - a +0 orcbow
 E - a +0 battleaxe
 J - a +1 orcbow of freezing
 N - the +8 morningstar of the Sixty-Six Suns (weapon) {freeze, rPois rC+ rCorr Int-3}
   (You found it on level 15 of the Dungeon)

   Int-3:     It affects your intelligence (-3).
   rC+:       It protects you from cold.
   rPois:     It protects you from poison rCorr: It protects you from acid and
   corrosion.
Armour
 l - a +0 hat (worn)
 u - a +2 cloak (worn)
 C - a +2 tower shield (worn)
 I - a +4 plate armour of fire resistance
 K - a +2 chain mail of poison resistance (worn)
 L - a +0 pair of gloves of dexterity (worn)
Jewellery
 h - a ring of willpower
 v - a ring of ice
 w - a ring of positive energy
 z - a ring of ice
 D - an amulet of guardian spirit (around neck)
 F - the ring "Qejedus" (left hand) {Will+ Str+6 SInv}
   (You bought it in a shop on level 2 of the Orcish Mines)

   [ring of strength]

   Str+6:     It affects your strength (+6).
   Will+:     It increases your willpower.
   SInv:      It lets you see invisible.
 G - an amulet of faith
 S - a +6 ring of strength (right hand)
 T - the ring of Jiugriev {Ice ^Drain rN++ Dex+3 Stlth+}
   (You found it on level 5 of the Lair of Beasts)

   [ring of ice]

   Ice:       It enhances your ice magic.
   Dex+3:     It affects your dexterity (+3).
   rF-:       It makes you vulnerable to fire.
   rC+:       It protects you from cold.
   rN++:      It greatly protects you from negative energy.
   ^Drain:    It drains your maximum health when unequipped.
   Stlth+:    It makes you more stealthy.
 V - a ring of protection from cold
Talismans
 m - a beast talisman
 U - a flux talisman
Wands
 x - a wand of iceblast (7)
 O - a wand of paralysis (5)
 Q - a wand of quicksilver (4)
Scrolls
 d - 2 scrolls of summoning
 k - a scroll of poison
 n - 6 scrolls of identify
 o - a scroll of brand weapon
 p - 2 scrolls of immolation
 y - 2 scrolls of revelation
 A - 2 scrolls of fog
 M - 5 scrolls of teleportation
 P - a scroll of vulnerability
Potions
 c - 3 potions of lignification
 e - 4 potions of magic
 g - a potion of curing
 i - a potion of mutation
 q - 4 potions of might
 r - 3 potions of enlightenment
 s - a potion of berserk rage
 t - a potion of attraction
 B - a potion of haste
Miscellaneous
 j - a phial of floods
 R - a phantom mirror


   Skills:
 + Level 13.5 Fighting
 + Level 20.8(21.1) Axes
 + Level 5.9(14.8) Maces & Flails
 - Level 9.8 Ranged Weapons
 + Level 14.0 Armour
 + Level 12.5 Dodging
 - Level 10.7 Shields


You had 15 spell levels left.
You didn't know any spells.
Your spell library was empty.

Dungeon Overview and Level Annotations

Branches:
Dungeon (15/15)            Temple (1/1) D:5            Lair (5/5) D:8
 Shoals (1/4) Lair:2        Slime (1/5) Lair:5          Orc (2/2) D:12
    Elf (1/3) Orc:2        Vaults (0/5) D:14         Depths (1/4) D:15
Volcano (visited)
  Snake: Lair:2-3    Spider: Lair:2-3

Altars:
Ashenzari
Dithmenos
Elyvilon
Fedhas
Gozag
Hepliaklqana
Kikubaaqudgha
Makhleb
Nemelex Xobeh
Okawaru
Qazlal
Ru
Sif Muna
Trog
Uskayaw
Wu Jian
Xom
Yredelemnul
Zin
The Shining One
Jiyva

Shops:
Orc:1 [   Orc:2 =[?(

Portals:
Abyss: Lair:4

Annotations:
D:5 1 runed translucent door, Esekla's ghost, weakling OpDe
D:8 3 runed translucent doors, Burzz's ghost, novice MiFi
Lair:1 2 transporters, hawla's ghost, journeyman FeSh
Lair:4 2 transporters, Kyusiynim's ghost, journeyman GnEn
Lair:5 exclusion: obsidian statue


Innate Abilities, Weirdness & Mutations

You have a pair of horns on your head.
You reflexively headbutt those who attack you in melee.
You are partially covered in iridescent scales. (AC +2)
You are covered in fur. (AC +1)


Message History

* * * LOW HITPOINT WARNING * * *
You are splashed with acid.
You resist.
* * * LOW HITPOINT WARNING * * *
Okay, then.
Okay, then.
Okay, then.
Okay, then.
As you read the scroll of summoning, it crumbles to dust.
Wisps of shadow whirl around you...
The golden eye blinks!
You block the acid blob's attack.
A slime creature comes into view.
You block the titanic slime creature's attack.
Two slime creatures merge to form an enormous slime creature.
The golden eye blinks!
The acid blob attacks as it pursues you!
The acid blob completely misses you.
The slime creature hits your great orb of eyes but does no damage.
A slime creature comes into view.
Your great orb of eyes bites the slime creature!
Your quicksilver ooze hits the acid blob!
Your quicksilver ooze hits the acid blob.
The acid blob hits your quicksilver ooze!!
The slime creature hits your great orb of eyes!
Two slime creatures merge to form a large slime creature.
Your quicksilver ooze hits the acid blob!
Your quicksilver ooze completely misses the acid blob.
Two slime creatures merge to form a large slime creature.
The titanic slime creature attacks as it pursues you!
You block the titanic slime creature's attack.
Your great orb of eyes gazes at the slime creature.
The slime creature resists with significant effort.
The acid blob hits your quicksilver ooze!
Your quicksilver ooze hits the acid blob!!
The acid blob dies!
Trog accepts your kill.
Two slime creatures merge to form a very large slime creature.
Your great orb of eyes bites the slime creature.
The titanic slime creature attacks as it pursues you!
The titanic slime creature hits you!!!
You die...

.................####
.....#....JJ........#.
....#.................
#.....J.J..........
#...#.J.GJ.....#....
......#J..J.....## ###
....J......J#....#
...ยง.......J....##
.#.........@<....#
###.............#
##.#...........#
####...#...#..#
##..#.......#
#..........##
##..#.....##
##########


You could see a titanic slime creature, an enormous slime creature, a very large
slime creature, a large slime creature, 6 slime creatures, a friendly great orb
of eyes (summoned) and a friendly quicksilver ooze (summoned).

Vanquished Creatures
  Gastronok (D:10)
  A very ugly thing (D:15)
  2 dire elephants (Lair:5)
  An ettin (Orc:2)
  A fire dragon (D:15)
  A great orb of eyes (D:15)
  2 ice dragons
  2 rakshasas (D:15)
  4 ogre magi (Orc:2)
  3 hydras
  4 catoblepae
  4 centaur warriors
  4 boulder beetles
  16 two-headed ogres
  6 death yaks
  Sonja (D:11)
  A spectral dire elephant (Lair:5)
  3 skysharks
  4 skeletal warriors
  2 spectral death yaks (Lair:5)
  A spectral anaconda (Lair:5)
  A swamp dragon (shapeshifter) (D:15)
  A deep troll (D:14)
  9 deep elf pyromancers
  3 necromancers (Lair:5)
  2 deep elf archers (Volcano)
  An orc knight (Orc:2)
  An orc sorcerer (Orc:2)
  2 deep elf zephyrmancers
  3 cyclopes
  12 ugly things
  28 elephants
  6 manticores
  An ice statue (Lair:1)
  A kobold blastminer (Orc:1)
  2 black mambas
  10 cane toads
  2 gargoyles
  2 torpor snails
  9 rime drakes
  An unseen horror (D:12)
  A freezing wraith (D:14)
  A kobold demonologist (D:11)
  4 komodo dragons
  An efreet (D:13)
  2 anaconda simulacra (Lair:1)
  A tengu conjurer (D:15)
  8 trolls
  2 ice devils (Lair:1)
  A hornet (D:9)
  6 polar bears
  Grinder (D:6)
  A wind drake (Lair:2)
  16 blink frogs
  28 slime creatures
  4 centaur simulacra
  A vampire (D:10)
  2 spriggans (Lair:4)
  11 wyverns
  3 fire elementals (Volcano)
  A wraith (D:12)
  21 yaks
  5 basilisks
  3 vampire mosquitoes (D:11)
  5 steam dragons
  3 death yak simulacra
  A warg (Orc:1)
  4 acid dragons
  11 water moccasins
  5 hell hounds (Volcano)
  A swamp drake (D:12)
  2 sky beasts
  2 black bears
  2 elephant zombies (Lair:5)
  12 orc warriors
  2 ice beasts (D:15)
  26 ogres
  15 wolves
  11 centaurs
  A phantom (D:5)
  3 kobold brigands
  12 bullfrogs
  2 gnoll sergeants
  4 scorpions
  3 cane toad simulacra (Lair:5)
  4 wights (D:8)
  10 killer bees
  A bombardier beetle (D:5)
  7 howler monkeys
  A centaur zombie (D:7)
  5 hounds
  2 human zombies (D:7)
  2 jellies
  9 orc priests
  A gnoll bouda (D:5)
  An iguana (D:5)
  A sleepcap (D:5)
  12 orc wizards
  3 scorpion zombies (D:7)
  9 hell rats (Lair:4)
  A wolf simulacrum (Lair:1)
  3 ogre zombies (D:7)
  A hound zombie (D:7)
  4 howler monkey zombies (D:7)
  20 gnolls
  11 adders
  A shadow imp (D:5)
  A white imp (D:15)
  2 ufetubi (D:6)
  An adder zombie (D:7)
  4 dart slugs
  A ribbon worm (D:2)
  59 orcs
  4 endoplasms
  4 giant cockroaches
  4 goblins
  5 hobgoblins
  7 jackals
  18 kobolds
  2 quokkas (D:2)
  6 ball pythons
  7 bats
  A frilled lizard (D:3)
  8 rats
655 creatures vanquished.

Vanquished Creatures (collateral kills)
  An acid blob (Slime:1)
  Aizul (Shoals:1)
  A merfolk avatar (Shoals:1)
  A sea snake (Shoals:1)
  A cyclops (D:12)
5 creatures vanquished.

Vanquished Creatures (others)
  A deep elf pyromancer (Volcano)
  A hell rat (Lair:4)
2 creatures vanquished.

Grand Total: 662 creatures vanquished

Notes
Turn   | Place    | Note
-------+----------+-------------------------------------------
     0 | D:1      | ces the Minotaur Berserker began the quest for the Orb.
     0 | D:1      | Reached XP level 1. HP: 19/19 MP: 0/0
   129 | D:1      | Reached skill level 4 in Axes
   138 | D:1      | Reached XP level 2. HP: 21/26 MP: 1/1
   680 | D:2      | Reached XP level 3. HP: 31/31 MP: 2/2
   873 | D:2      | Found a faded altar of an unknown god.
   890 | D:2      | Reached skill level 5 in Axes
   962 | D:2      | Reached ** piety under Trog
   968 | D:2      | Reached XP level 4. HP: 30/39 MP: 3/3
  1056 | D:2      | Reached skill level 6 in Axes
  1301 | D:2      | Reached XP level 5. HP: 32/45 MP: 4/4
  1978 | D:3      | Found a sacrificial altar of Ru.
  2985 | D:3      | Identified the +2 dagger of Experimentation {pain, Str+7}
  3162 | D:4      | Reached XP level 6. HP: 52/52 MP: 5/5
  3287 | D:4      | You fall into a shaft and drop 2 floors!
  3302 | D:6      | Reached skill level 7 in Axes
  3633 | D:6      | Noticed a sky beast
  3679 | D:7      | Noticed a steam dragon
  3821 | D:5      | Entered Level 5 of the Dungeon
  3825 | D:5      | Reached XP level 7. HP: 60/60 MP: 6/6
  4201 | D:5      | Reached skill level 5 in Fighting
  4201 | D:5      | Reached *** piety under Trog
  4233 | D:5      | Found a staircase to the Ecumenical Temple.
  4275 | Temple   | Entered the Ecumenical Temple
  4366 | D:5      | Found a runed translucent door.
  4367 | D:5      | Noticed Esekla's ghost (weakling OpDe)
  4373 | D:5      | Reached skill level 8 in Axes
  4373 | D:5      | Reached skill level 5 in Dodging
  4564 | D:5      | Reached XP level 8. HP: 36/69 MP: 7/7
  5167 | D:6      | Noticed Grinder
  5181 | D:6      | Paralysed by Grinder for 3 turns
  5190 | D:6      | Killed Grinder
  5191 | D:6      | Reached skill level 9 in Axes
  5191 | D:6      | Reached skill level 5 in Armour
  5875 | D:7      | Identified the +9 quarterstaff "Faxtoteib" {heavy, rF+}
  7065 | D:7      | Reached skill level 10 in Axes
  7371 | D:7      | Reached XP level 9. HP: 37/78 MP: 8/8
  7611 | D:7      | Found a basalt altar of Yredelemnul.
  7840 | D:7      | Reached **** piety under Trog
  8532 | D:8      | Found a runed translucent gate.
  8532 | D:8      | Found a runed translucent gate.
  8544 | D:8      | Found a runed translucent gate.
  8556 | D:8      | Noticed a nine-headed hydra
  8556 | D:8      | Noticed Burzz's ghost (novice MiFi)
  8730 | D:8      | Reached skill level 11 in Axes
  9089 | D:8      | Found a staircase to the Lair.
  9414 | Lair:1   | Entered Level 1 of the Lair of Beasts
  9498 | Lair:1   | Reached XP level 10. HP: 88/88 MP: 9/9
  9502 | Lair:1   | Reached skill level 12 in Axes
  9589 | Lair:1   | Found a transporter.
  9597 | Lair:1   | Noticed a torpor snail
  9607 | Lair:1   | Noticed hawla's ghost (journeyman FeSh)
 10001 | Lair:1   | Noticed a black mamba
 10008 | Lair:1   | Killed a black mamba
 10064 | Lair:1   | Noticed a death yak
 10064 | Lair:1   | Noticed a death yak
 10377 | D:9      | Reached skill level 13 in Axes
 10766 | D:9      | Found a glowing golden altar of the Shining One.
 10928 | D:10     | Entered Level 10 of the Dungeon
 10980 | D:10     | Noticed Gastronok
 11087 | D:10     | Reached ***** piety under Trog
 11532 | D:11     | Noticed a smoke demon
 11537 | D:11     | Noticed a soul eater
 11572 | D:11     | Gained mutation: You are frail. (-10% HP) [potion of
                  | mutation]
 11572 | D:11     | Gained mutation: You sometimes lose your temper in combat.
                  | [potion of mutation]
 11573 | D:11     | Lost mutation: You are frail. (-10% HP) [potion of
                  | mutation]
 11573 | D:11     | Lost mutation: You sometimes lose your temper in combat.
                  | [potion of mutation]
 11573 | D:11     | Gained mutation: You have hidden genetic potential. [potion
                  | of mutation]
 11629 | D:11     | Noticed a cyclops
 11656 | D:11     | Killed a cyclops
 11657 | D:11     | Reached XP level 11. HP: 74/97 MP: 10/10
 11741 | D:11     | Noticed Sonja
 11751 | D:11     | Killed Sonja
 12089 | D:11     | Noticed a boulder beetle
 12101 | D:11     | Killed a boulder beetle
 12102 | D:11     | Reached skill level 14 in Axes
 12234 | D:11     | Reached skill level 10 in Fighting
 13709 | D:12     | Gained mutation: You are partially covered in iridescent
                  | scales. (AC +2) [hidden potential]
 13782 | D:12     | Reached skill level 10 in Armour
 13937 | D:12     | Noticed a boulder beetle
 13949 | D:11     | Killed a boulder beetle
 14124 | D:12     | Found a staircase to the Orcish Mines.
 14141 | D:12     | Noticed a four-headed hydra
 14142 | D:12     | Reached skill level 15 in Axes
 14201 | D:12     | Noticed a skeletal warrior
 14203 | D:12     | Noticed a skeletal warrior
 14204 | D:12     | Noticed a skeletal warrior
 14212 | D:12     | Noticed a skeletal warrior
 14231 | D:13     | Reached skill level 10 in Dodging
 14281 | D:13     | Killed a skeletal warrior
 14391 | D:12     | Killed a skeletal warrior
 14392 | D:12     | Reached XP level 12. HP: 93/108 MP: 5/11
 15080 | D:10     | Killed Gastronok
 15265 | D:8      | Killed a death yak
 15266 | D:8      | Reached skill level 1 in Ranged Weapons
 15268 | D:8      | Killed a death yak
 15269 | D:8      | Reached skill level 16 in Axes
 15372 | Lair:1   | Noticed an ice dragon
 15380 | Lair:1   | Gained mutation: You are covered in fur. (AC +1) [hidden
                  | potential]
 15380 | Lair:1   | Lost mutation: You have hidden genetic potential. [hidden
                  | potential expressed]
 15926 | D:12     | Noticed a two-headed ogre
 15941 | D:12     | Killed a two-headed ogre
 16527 | D:13     | Noticed a boulder beetle
 16540 | D:13     | Reached skill level 17 in Axes
 16543 | D:13     | Killed a boulder beetle
 17817 | D:14     | Reached skill level 18 in Axes
 17960 | D:14     | Noticed a centaur warrior
 17970 | D:14     | Killed a centaur warrior
 17970 | D:14     | Noticed a centaur warrior
 17971 | D:14     | Reached XP level 13. HP: 116/116 MP: 9/12
 19769 | Lair:1   | Found a transporter.
 20745 | Lair:2   | Found a staircase to the Shoals.
 21724 | Orc:1    | Entered Level 1 of the Orcish Mines
 21732 | Orc:1    | Found a dark tunnel.
 21757 | Orc:1    | Reached skill level 1 in Shields
 21760 | Volcano  | Entered a volcano
 21947 | Volcano  | Reached skill level 19 in Axes
 22245 | Volcano  | Reached skill level 5 in Shields
 22408 | Orc:1    | Found Lawafiug's Armour Emporium.
 22416 | Orc:1    | Bought a +2 chain mail of poison resistance for 314 gold
                  | pieces
 22416 | Orc:1    | Bought a +0 pair of gloves of dexterity for 195 gold pieces
 22916 | Orc:2    | Entered Level 2 of the Orcish Mines
 23067 | Orc:2    | Found a staircase to the Elven Halls.
 23088 | Orc:2    | Noticed an ettin
 23097 | Orc:2    | Killed an ettin
 23098 | Orc:2    | Reached XP level 14. HP: 126/126 MP: 11/13
 23184 | Orc:2    | Found Neadaon's Magic Scroll Shoppe.
 23184 | Orc:2    | Found Yrukhliv's Jewellery Shop.
 23560 | Orc:2    | Found Nietutatz's Weapon Boutique.
 23560 | Orc:2    | Found Sokleded's Armour Shoppe.
 23576 | Orc:2    | Reached skill level 20 in Axes
 23576 | Orc:2    | Reached skill level 10 in Shields
 23614 | Orc:2    | Bought the ring "Qejedus" {Will+ Str+6 SInv} for 897 gold
                  | pieces
 24013 | Elf:1    | Entered Level 1 of the Elven Halls
 24438 | Shoals:1 | Entered Level 1 of the Shoals
 24445 | Shoals:1 | Identified the serpent talisman of the Marlin {rElec rF+
                  | Will+}
 24445 | Shoals:1 | Noticed Aizul
 24482 | Shoals:1 | Killed Aizul
 25109 | D:14     | Identified the +7 dire flail of Circularity {flame, rPois
                  | rN+ Stlth-}
 25224 | D:14     | Found a gate to the Vaults.
 25357 | D:15     | Entered Level 15 of the Dungeon
 25369 | D:15     | Reached skill level 5 in Ranged Weapons
 25508 | D:15     | Noticed a green very ugly thing
 26015 | D:15     | Identified the +8 morningstar of the Sixty-Six Suns
                  | {freeze, rPois rC+ rCorr Int-3}
 26051 | D:15     | Found a hazy altar of Hepliaklqana.
 26247 | D:15     | Killed a green very ugly thing
 26306 | D:15     | Reached XP level 15. HP: 132/132 MP: 9/14
 26591 | D:15     | Found a staircase to the Depths.
 27891 | Depths:1 | Entered Level 1 of the Depths
 28149 | Lair:4   | Reached skill level 1 in Maces & Flails
 28196 | Lair:4   | Found a transporter.
 28477 | Lair:4   | Found a transporter.
 28800 | Lair:4   | Found a one-way gate to the infinite horrors of the Abyss.
 28800 | Lair:4   | Noticed Kyusiynim's ghost (journeyman GnEn)
 28996 | Lair:5   | Entered Level 5 of the Lair of Beasts
 29214 | Lair:5   | Found a staircase to the Slime Pits.
 29214 | Lair:5   | Found a viscous altar of Jiyva.
 29953 | Lair:5   | Reached skill level 5 in Maces & Flails
 29964 | Lair:5   | Identified the ring of Jiugriev {Ice ^Drain rN++ Dex+3
                  | Stlth+}
 30424 | Lair:5   | Reached XP level 16. HP: 144/144 MP: 15/15
 30499 | Lair:5   | Identified the +7 short sword "Lufag" {freeze, rC+ rN+
                  | Str+3}
 30639 | Slime:1  | Entered Level 1 of the Pits of Slime
 30677 | Slime:1  | Noticed an acid blob
 30710 | Slime:1  | Killed an acid blob
 30710 | Slime:1  | Annihilated by a titanic slime creature

Illustrated notes

Levels and vault maps discovered:
D:1:      dpeg_arrival_chambers_temple_mockup, layout_basic, minmay_pentomino_w2
D:2:      layout_basic, ebering_ecumenical_altar_box
D:3:      layout_basic, nicolae_ru_path_of_blood
D:4:      layout_cave_pools, amethyst_overflow_temple_binary,
          serial_library_hellmonk_octagon
D:5:      layout_loops_ring, minmay_temple_entry_junction, gammafunk_ghost_grave
D:6:      layout_rooms, dk_noncrumbling_4, serial_library_hellmonk_open_square,
          uniq_grinder
D:7:      layout_cave_pools, roadster_capsule_ark_zombie
D:8:      layout_loops_corners, lair_entry_dummy, gammafunk_ghost_hydra_chop
D:9:      layout_basic, lemuel_crystal_altar
D:10:     wander_river, layout_gridville, uniq_gastronok
D:11:     layout_layer_cave, uniq_sonja
D:12:     layout_irregular_city, erik_orc_1
D:13:     layout_basic, lemuel_flamethrower_2
D:14:     layout_roguey, david_vaults_4, chequers_serial_rivers_micro_c
D:15:     gammafunk_enter_depths_forms, layout_loops_ring,
          nicolae_hepliaklqana_hazy_memory, serial_ice, serial_ice_l,
          serial_ice_d, serial_ice_g, serial_ice_m, serial_ice_h
Temple:   nicolae_temple_no_exploring_needed
Lair:1:   dreamdust_isle_of_ice, layout_concentric_octagons,
          gammafunk_ghost_hive, minivault_24
Lair:2:   layout_cave_pods, minmay_shoals_entry_beasts
Lair:3:   layout_loops_ring, spider_nest_entry_funnel_web,
          chequers_serial_rivers_room_b
Lair:4:   layout_cave_shapes, special_room [special_room_mythical_zoo],
          gammafunk_ghost_abyssal_escape, forest_entry_grove,
          serial_bayou_shore_b
Lair:5:   due_jungle_book, layout_loops_ring, slime_entry_1,
          chequers_serial_rivers_marsh, chequers_serial_rivers_micro_b,
          st_stairs_9, lookout_lair_type, serial_bayou_shore_a
Shoals:1: layout_shoals, uniq_aizul, uniq_frances, uniq_roxanne
Slime:1:  layout_caves, cheibrodos_slime_lost_civilization_7
Orc:1:    layout_caves, nicolae_volcano_entry_lava_flow, serial_shops, shop,
          nicolae_orc_hostile_takeover
Orc:2:    st_orc_ogre_mass, layout_diamond_mine, basic_altar
Elf:1:    nicolae_elf_arrival_aired_out, layout_rooms, serial_shops,
          bzr_entry_safe, minmay_elf_sorcery
Depths:1: layout_basic, nicolae_abyss_entry_one_way_or_another, hell_entry,
          nicolae_uskayaw_murder_on_the_dancefloor

Skill      XL: |  1  2  3  4  5  6  7  8  9 10 11 12 13 14 15 16 |
---------------+-------------------------------------------------+-----
Axes           | 4 5 6 7 8 10 11 13 15 18 19 20 | 20.8
Dodging        | 3 4 5 6 7 8 10 11 12 | 12.5
Fighting       | 4 5 6 8 9 10 11 12 13 | 13.5
Armour         | 3 4 6 7 9 10 11 12 13 14 | 14.0
Ranged Weapons | 1 8 9 |  9.8
Shields        | 6 10 | 10.7
Maces & Flails | 5 |  5.9

Action                     |  1- 3 |  4- 6 |  7- 9 | 10-12 | 13-15 | 16-18 || total
---------------------------+-------+-------+-------+-------+-------+-------++-------
  Melee: Hand axe          |    66 |   121 |   264 |       |       |       ||   451
         Headbutt          |     9 |    16 |    76 |    72 |   282 |     8 ||   463
         Punch             |       |     1 |     4 |     4 |       |       ||     9
         War axe           |       |       |    28 |   175 |   498 |       ||   701
         Battleaxe         |       |       |       |   173 |   175 |       ||   348
         Morningstar       |       |       |       |       |   387 |    32 ||   419
   Fire: Arbalest          |       |       |       |       |     4 |       ||     4
  Throw: Throwing net      |       |     1 |     1 |     2 |       |       ||     4
 Invoke: Berserk           |     2 |     6 |     7 |    20 |    43 |       ||    78
         Trog's Hand       |       |     3 |     3 |     5 |    11 |       ||    22
         Brothers in Arms  |       |       |       |     2 |     1 |       ||     3
  Evoke: Wand              |       |     2 |    17 |    34 |     1 |       ||    54
         Phial of floods   |       |       |       |     3 |     2 |       ||     5
    Use: Scroll            |       |    10 |     9 |    12 |    11 |     1 ||    43
         Potion            |       |     2 |     2 |     2 |     7 |     2 ||    15
   Stab: Paralysed         |       |     4 |    16 |     4 |       |       ||    24
         Held in net/web   |       |       |     1 |     1 |       |       ||     2
         Petrified         |       |       |       |       |     7 |       ||     7
         Distracted        |       |       |       |       |     2 |       ||     2
 Armour: Animal skin       |    48 |    44 |       |       |       |       ||    92
         Leather armour    |       |    34 |   132 |       |       |       ||   166
         Chain mail        |       |       |    61 |   144 |   419 |    27 ||   651
         Plate armour      |       |       |       |   175 |   284 |       ||   459
  Dodge: Dodged            |    40 |    81 |   146 |   212 |   331 |    17 ||   827
  Block: Tower shield      |       |       |       |       |   762 |    21 ||   783
